Construct Section Command Post
Selects Heavy Armor Battlegroup
Construct Field Infirmary
Selects Engineer Detachments
Construct Platoon Command Post
6-pounder Anti-tank Gun Team
Unlock M3 Stuart Light Tanks
Selects Crusader AA Medium Tank
Selects UNKNOWN (2162094)
Construct Company Command Post
Selects Light Vehicle Withdraw and Refit
Unlock M3 Grant Medium Tanks
6-pounder Anti-tank Gun Team
6-pounder Anti-tank Gun Team
6-pounder Anti-tank Gun Team